 Dungeon Crawl Stone Soup version 0.21.1-1-g345015f (webtiles) character file.

20 Flooderbenga the Grave Robber (level 2, -1/20 HPs)
             Began as a Gnoll Necromancer on Apr 7, 2018.
             Slain by a worker ant (4 damage)
             ... on level 5 of the Dungeon.
             The game lasted 00:16:41 (320 turns).

Flooderbenga the Grave Robber (Gnoll Necromancer)    Turns: 320, Time: 00:16:42

Health: -1/20      AC:  2    Str: 10    XL:     2   Next: 79%
Magic:  1/7        EV: 14    Int: 21    God:
Gold:   110        SH:  0    Dex: 15    Spells: 6/10 levels left

rFire    + . .     SeeInvis .   (no weapon)
rCold    . . .     Gourm    .   (no shield)
rNeg     . . .     Faith    .   a - +0 robe
rPois    .         Spirit   .   (no helmet)
rElec    .         Reflect  .   (no cloak)
rCorr    .         Harm     .   (no gloves)
MR       .....                  (no boots)
Stlth    +++.......             (no amulet)
HPRegen  0.06/turn              m - ring of protection from fire
MPRegen  0.10/turn              o - +4 ring of intelligence

@: no status effects
A: distributed training, fangs 1, strong nose
a: no special abilities


You were on level 5 of the Dungeon.
You were not hungry.

You visited 1 branch of the dungeon, and saw 5 of its levels.

You collected 110 gold pieces.

Inventory:

Missiles
 f - 32 stones (quivered)
Armour
 a - a +0 robe (worn)
 i - a +0 leather armour
Jewellery
 m - a ring of protection from fire (left hand)
 o - a +4 ring of intelligence (right hand)
Scrolls
 d - a scroll of remove curse {unknown}
 e - a scroll of fear {unknown}
 g - a scroll of amnesia {unknown}
 h - a scroll of enchant weapon {unknown}
 n - a scroll of enchant armour {unknown}
Potions
 j - a potion of flight {unknown}
 k - 2 potions of agility {unknown}
Books
 b - a book of Necromancy

   Spells                             Type                      Level
   a - Pain                           Necromancy                   1
   b - Animate Skeleton               Necromancy                   1
   c - Vampiric Draining              Necromancy                   3
   d - Regeneration                   Charms/Necromancy            3
   e - Animate Dead                   Necromancy                   4
   f - Borgnjor's Vile Clutch         Necromancy/Earth             5
 l - a book of Callings

   Spells                             Type                      Level
   a - Summon Small Mammal            Summoning                    1
   b - Call Imp                       Summoning                    2
   c - Call Canine Familiar           Summoning                    3
   d - Summon Guardian Golem          Hexes/Summoning              3
   e - Summon Lightning Spire         Summoning/Air                4
   f - Summon Ice Beast               Ice/Summoning                4
Comestibles
 c - 2 rations


   Skills:
 + Level 0.5 Fighting
 + Level 0.5 Short Blades
 + Level 0.5 Long Blades
 + Level 0.5 Axes
 + Level 0.5 Maces & Flails
 + Level 0.5 Polearms
 + Level 0.5 Staves
 + Level 0.5 Slings
 + Level 0.5 Bows
 + Level 0.5 Crossbows
 + Level 0.5 Throwing
 + Level 0.5 Armour
 + Level 4.5 Dodging
 + Level 4.1 Stealth
 + Level 0.5 Shields
 + Level 0.5 Unarmed Combat
 + Level 4.9 Spellcasting
 + Level 0.3 Conjurations
 + Level 0.3 Hexes
 + Level 0.3 Charms
 + Level 0.3 Summonings
 + Level 7.0 Necromancy
 + Level 0.3 Translocations
 + Level 0.3 Transmutations
 + Level 0.3 Fire Magic
 + Level 0.3 Ice Magic
 + Level 0.3 Air Magic
 + Level 0.3 Earth Magic
 + Level 0.3 Poison Magic
 + Level 0.6 Invocations
 + Level 0.5 Evocations


You had 6 spell levels left.
You knew the following spells:

 Your Spells              Type           Power        Failure   Level  Hunger
a - Pain                  Necr           ####         1%          1    None
i - Call Imp              Summ           #.......     14%         2    None
z - Animate Skeleton      Necr           N/A          1%          1    None


Dungeon Overview and Level Annotations

Branches:
Dungeon (5/15)
 Temple: D:4-7

Altars:

Shops:
D:4 =


Innate Abilities, Weirdness & Mutations

Your experience applies equally to all skills.
You have very sharp teeth.
Your uncanny sense of smell can sniff out nearby items.


Message History

The worker ant twitches its antennae in your direction.
The worker ant barely resists.
You take 1 damage, and have 7/20 hp.
You now have 6/7 mp.
Aim: a worker ant (chance to defeat MR: 89%)
The worker ant writhes in agony!
You now have 5/7 mp.
Aim: a worker ant (heavily wounded, chance to defeat MR: 89%)
The worker ant writhes in agony!
The worker ant bites you but does no damage.
You take 1 damage, and have 6/20 hp.
You now have 4/7 mp.
Aim: a worker ant (severely wounded, chance to defeat MR: 89%)
The worker ant barely resists.
The worker ant barely misses you.
You take 1 damage, and have 5/20 hp.
You now have 3/7 mp.
Aim: a worker ant (severely wounded, chance to defeat MR: 89%)
The worker ant barely resists.
The worker ant closely misses you. The worker ant misses you.
You take 1 damage, and have 4/20 hp.
You now have 2/7 mp.
Aim: a worker ant (severely wounded, chance to defeat MR: 89%)
The worker ant barely resists.
The worker ant bites you.
You die...

#.#
#.#
#.#
#.#
#.#
#.#
#.#
#@#
#a#
...
.###.
#. ..
# ##


You could see a worker ant.

Vanquished Creatures
  An adder (D:3)
  4 goblins
  A hobgoblin (D:1)
  A kobold (D:2)
  A bat (D:2)
  2 frilled lizards
10 creatures vanquished.

Vanquished Creatures (collateral kills)
  A giant cockroach (D:3)
1 creature vanquished.

Grand Total: 11 creatures vanquished

Notes
Turn   | Place    | Note
-------+----------+-------------------------------------------
     0 | D:1      | Flooderbenga the Gnoll Necromancer began the quest for the Orb.
     0 | D:1      | Reached XP level 1. HP: 13/13 MP: 6/6
    84 | D:1      | Learned a level 1 spell: Animate Skeleton
   104 | D:2      | Reached XP level 2. HP: 8/19 MP: 1/7
   269 | D:4      | Noticed a centaur
   274 | D:4      | Learned a level 2 spell: Call Imp
   286 | D:4      | Found Zorch's Jewellery Shop.
   314 | D:5      | Entered Level 5 of the Dungeon
   320 | D:5      | Slain by a worker ant

Action                   || total
-------------------------++-------
 Cast: Pain              ||    29
       Animate Skeleton  ||     2
Armor: Robe              ||     1
Dodge: Dodged            ||     6
